 Dungeon Crawl Stone Soup version 0.31-a0-841-g038b102fc3 (webtiles) character file.

Game seed: 10977604822365353394

72 scionoferis the Ruffian (level 4, -1/41 HPs)
             Began as a Hill Orc Monk on Sept 27, 2023.
             Slain by a rat (2 damage)
             ... while paralysed by Grinder
             ... on level 3 of the Dungeon.
             The game lasted 00:04:03 (1465 turns).

scionoferis the Ruffian (Hill Orc Monk)             Turns: 1465, Time: 00:04:03

Health: -1/41      AC:  6    Str: 15    XL:     4   Next: 26%
Magic:  4/4        EV:  2    Int: 10    God:
Gold:   54         SH:  0    Dex: 13    Spells: 3/3 levels left

rFire   . .          .
                       - Unarmed
rCold   . . .        c - orb {light}
rNeg    + . .        l - +0 ring mail
rPois   .            (no helmet)
rElec   .            j - +0 cloak
rCorr   .            (no gloves)
SInv    .            (no boots)
Will    .....        (no amulet)
Stlth   +            h - ring of positive energy
HPRegen 0.26/turn    (no ring)
MPRegen 0.09/turn

%: no passive effects
@: paralysed, glowing
A: no striking features
a: no special abilities


You were on level 3 of the Dungeon.
You visited 1 branch of the dungeon, and saw 3 of its levels.

You collected 134 gold pieces.
You spent 80 gold pieces at shops.


   Skills:
 + Level 4.5 Fighting
 - Level 2.4 Dodging
 * Level 4.8 Unarmed Combat


You had 3 spell levels left.
You didn't know any spells.
Your spell library contained the following spells:

 Spells                   Type           Power      Damage    Failure   Level
 Ozocubu's Armour         Ice            0%         N/A       92%         3
 Ozocubu's Refrigeration  Ice            0%         4d7       100%        7

Inventory:

Missiles
 f - 9 poisoned darts (quivered)
 i - 2 boomerangs
Armour
 c - an orb of light (worn)
 j - a +0 cloak (worn)
   (You found it on level 2 of the Dungeon)
 l - a +0 ring mail (worn)
   (You found it on level 2 of the Dungeon)
Jewellery
 h - a ring of positive energy (left hand)
   (You found it on level 1 of the Dungeon)
Scrolls
 a - a scroll of teleportation {unknown}
 e - 2 scrolls of identify {unknown}
 g - a scroll of fog {unknown}
 k - a scroll of enchant weapon {unknown}
 o - a scroll of blinking {unknown}
Potions
 b - a potion of ambrosia
 d - a potion of lignification {unknown}
 m - a potion of curing
 n - a potion of heal wounds

Dungeon Overview and Level Annotations

Branches:
Dungeon (3/15)

Altars:

Shops:
D:1 *![

Annotations:
D:3 Grinder

... .. #.# .?. #.#
#####...## #.# +...§S#...
#.# #.5...##.### #.# .....
#r#.. #########.# # ...
#r#.# #.........< #.#.#
#@#.# #.....#####
#.#.####5#.# #.)####
#...S....#.# #..#
#.###.######.####.#.......
#.................#.######
######.#####.#....#.#
#.........####..
#######.### ## ....


You could see Grinder and 2 rats.


Message History

Welcome, scionoferis the Hill Orc Monk.
A smirking vizier told you that the Orb of Zot is just within this dungeon.
Press ? for a list of commands and other information.
Found a glowing pink potion and 16 gold pieces.
Found a staircase leading out of the dungeon.
d - a glowing pink potion You now have 1 gold piece.
There is a fountain of clear blue water here.
You now have 16 gold pieces (gained 15).
Found a leather armour.
An endoplasm and a goblin come into view.
The goblin shouts!
You hear a shout!
You hit the goblin.
The goblin is moderately wounded.
You hit the goblin.
The goblin is severely wounded.
The goblin barely misses you.
You punch the goblin!
You kill the goblin!
You hit the endoplasm but do no damage.
A hobgoblin comes into view.
The endoplasm hits you.
You hit the endoplasm.
The endoplasm is heavily wounded.
The endoplasm closely misses you.
You hit the endoplasm.
You kill the endoplasm!
An endoplasm comes into view.
Things that are here:
a +0 club; a goblin corpse You hit the hobgoblin.
The hobgoblin is lightly wounded.
The hobgoblin misses you.
You hit the hobgoblin but do no damage.
The hobgoblin is lightly wounded.
The hobgoblin hits you.
You hit the hobgoblin but do no damage.
The hobgoblin is lightly wounded.
The hobgoblin barely misses you.
You hit the hobgoblin.
The hobgoblin is heavily wounded.
The hobgoblin misses you.
You hit the hobgoblin.
You kill the hobgoblin!
You hit the endoplasm.
You kill the endoplasm!
No target in view!
You start resting.
A giant cockroach comes into view.
You hit the giant cockroach but do no damage.
The giant cockroach bites you but does no damage. x2
You barely miss the giant cockroach. The giant cockroach bites you.
You hit the giant cockroach.
The giant cockroach is almost dead.
The giant cockroach misses you.
You hit the giant cockroach but do no damage.
The giant cockroach is almost dead.
The giant cockroach bites you.
You barely miss the giant cockroach.
The giant cockroach is almost dead.
The giant cockroach barely misses you.
You hit the giant cockroach.
You kill the giant cockroach!
You have reached level 2!
You start resting.
HP restored.
You see here a giant cockroach corpse.
Things that are here:
a +0 club; a goblin corpse You now have 21 gold pieces (gained 5).
You see here a hobgoblin corpse.
You see here a +0 leather armour.
e - a +0 leather armour You start removing your armour.
You continue taking off your +0 robe. x4
You finish taking off your +0 robe.
You start putting on your armour.
You continue putting on your +0 leather armour. x5
You finish putting on your +0 leather armour.
Unknown command.
A frilled lizard comes into view.
You drop a +0 robe.
You hit the frilled lizard.
You kill the frilled lizard!
No target in view!
A frilled lizard comes into view.
The frilled lizard hisses angrily.
You hit the frilled lizard.
You kill the frilled lizard!
No target in view!
You now have 36 gold pieces (gained 15).
You now have 43 gold pieces (gained 7).
A kobold comes into view. It is wielding a +0 whip.
The kobold shouts!
A kobold is nearby!
A bat comes into view.
The kobold completely misses you.
You barely miss the kobold. The bat hits you but does no damage.
The kobold hits you with a +0 whip.
You hit the kobold but do no damage. The kobold misses you.
The bat barely misses you.
You hit the bat but do no damage. The bat closely misses you.
The kobold closely misses you.
You hit the kobold but do no damage. The bat hits you but does no damage.
The kobold hits you with a +0 whip.
You closely miss the bat. The bat barely misses you.
The kobold hits you with a +0 whip.
You hit the bat.
The bat is severely wounded.
The bat hits you but does no damage. The kobold hits you with a +0 whip.
You closely miss the kobold. The bat hits you but does no damage.
The kobold hits you with a +0 whip.
You hit the bat.
You kill the bat!
You closely miss the kobold. The kobold barely misses you.
You hit the kobold.
You kill the kobold!
No target in view!
Things that are here:
a +0 whip; a kobold corpse You see here a bat corpse.
Found a leather armour.
a - a scroll labelled RIMUDGH VAKIAXAIH A dart slug comes into view.
An endoplasm comes into view.
The endoplasm moves out of view.
The dart slug barely misses you.
You punch the dart slug!
The dart slug is severely wounded.
The dart slug bites you.
You hit the dart slug.
You kill the dart slug!
You hit the endoplasm.
The endoplasm is heavily wounded.
The endoplasm closely misses you.
A bat comes into view.
You hit the endoplasm.
You kill the endoplasm!
Found Ozocubu's Autobiography.
The bat barely misses you.
You see here a dart slug corpse.
The bat closely misses you. The bat barely misses you.
You hit the bat.
You kill the bat!
Your Fighting skill increases to level 4!
No target in view!
No target in view!
You pick up Ozocubu's Autobiography and begin reading...
You add the spells Ozocubu's Armour and Ozocubu's Refrigeration to your library.
You see here a +0 hand axe.
You open the door.
A kobold comes into view. It is wielding a +0 dagger.
The kobold shouts!
You hear an angry hiss.
A bat comes into view.
Found 9 gold pieces.
The bat hits you but does no damage.
A ball python comes into view.
You hit the bat.
You kill the bat!
Your Unarmed Combat skill increases to level 4!
You hit the kobold.
The kobold is moderately wounded.
The kobold barely misses you.
You hit the kobold but do no damage.
The kobold is moderately wounded.
The kobold hits you with a +0 dagger.
You barely miss the kobold.
The kobold is moderately wounded.
The kobold barely misses you.
You hit the kobold.
You kill the kobold!
You hit the ball python.
You kill the ball python!
You swing at nothing.
You swing at nothing.
There is an open door here.
Things that are here:
a +0 dagger; 3 stones; a ball python corpse You now have 52 gold pieces (gained 9).
A rat comes into view.
A rat is nearby!
You completely miss the rat. The rat closely misses you.
You barely miss the rat. The rat bites you but does no damage.
You hit the rat.
You kill the rat!
No target in view!
Found a leather armour.
You now have 67 gold pieces (gained 15).
Found a stone staircase leading down.
There is a stone staircase leading down here.
A kobold comes into view. It is wielding a +0 short sword.
The kobold shouts!
You hit the kobold.
The kobold is severely wounded.
The kobold misses you.
You punch the kobold!
You kill the kobold!
No target in view!
You see here a +0 short sword.
A hobgoblin comes into view.
Found 5 poisoned darts.
The hobgoblin shouts!
You hear a shout!
A kobold comes into view. It is wielding a +0 club.
The kobold shouts!
You hit the hobgoblin.
The hobgoblin is almost dead.
The hobgoblin closely misses you.
You hit the hobgoblin.
You kill the hobgoblin!
A hobgoblin comes into view.
The hobgoblin shouts!
You hit the kobold.
The kobold is heavily wounded.
The kobold hits you with a +0 club.
You barely miss the kobold.
The kobold is heavily wounded.
The kobold barely misses you.
You hit the hobgoblin.
You kill the hobgoblin!
You hit the kobold.
You kill the kobold!
You have reached level 3!
Your experience leads to an increase in your attributes!
Increase (S)trength, (I)ntelligence, or (D)exterity?
You feel stronger. x2
You see here a +0 club.
You see here 5 poisoned darts.
f - 5 poisoned darts
Okay, then.
Unknown command.
A rat and a kobold come into view.
The kobold shouts!
You hit the kobold.
You kill the kobold!
A kobold comes into view. It is wielding a +0 short sword.
You hit the rat.
The rat is heavily wounded.
The rat bites you but does no damage.
You punch the rat!
You kill the rat!
You closely miss the kobold. The kobold barely misses you.
You hit the kobold.
The kobold is severely wounded.
The kobold barely misses you.
You hit the kobold.
You kill the kobold!
No target in view!
You see here a rat corpse.
Found a stone staircase leading down.
A rat comes into view.
You hit the rat.
You kill the rat!
No target in view!
There is a stone staircase leading down here.
Found Feojo's Distillery. 2 bats come into view.
You see here 4 poisoned darts.
You hit the bat.
You kill the bat!
The bat attacks as it pursues you! The bat hits you but does no damage.
The bat barely misses you. x2
You hit the bat.
You kill the bat!
f - 9 poisoned darts (gained 4)
You see here a bat corpse.
A ball python comes into view.
The ball python hisses angrily.
A bat comes into view.
The bat closely misses you.
You hit the ball python but do no damage.
The bat hits you but does no damage. The ball python closely misses you.
The ball python grabs you. The ball python constricts you.
You hit the ball python.
The ball python is heavily wounded.
The bat hits you but does no damage. The ball python closely misses you.
The ball python constricts you. The bat closely misses you.
You hit the ball python.
You kill the ball python!
The bat closely misses you. x2
You punch the bat!
You kill the bat!
No target in view!
Found a short sword.
There is an entrance to Feojo's Distillery here.
g - a scroll labelled UHOSSO ZICEC You now have 77 gold pieces (gained 10).
h - a ring of positive energy
h - a ring of positive energy (left hand)
Found 2 boomerangs.
You see here 2 boomerangs.
i - 2 boomerangs You see here a +0 club.
Found Naur's Armour Boutique.
There is an entrance to Naur's Armour Boutique here.
Found a mace.
Found a stone staircase leading down.
Found Tiboec's General Store.
You see here a +0 mace.
There is an entrance to Tiboec's General Store here.
You open the door.
There is an open door here.
There is a stone staircase leading down here.
You see here a +0 leather armour.
Found 4 stones.
You see here 4 stones.
There is a fountain of clear blue water here.
You see here a bat skeleton.
Found a robe.
You see here a +0 robe.
Done exploring.
Done exploring.
Search for what [? for help]? d: Unknown command.
There is a stone staircase leading down here.
You climb downwards.
Found a sling.
There is a stone staircase leading up here.
You see here a +0 sling.
You open the door.
There is an open door here.
A rat comes into view.
You hit the rat.
You kill the rat!
No target in view!
Found a stone staircase leading down.
There is a stone staircase leading down here.
A ball python comes into view.
The ball python hisses angrily.
You hit the ball python.
You kill the ball python!
No target in view!
There is a stone staircase leading down here.
A ball python comes into view.
Found a stone staircase leading up.
The ball python hisses angrily.
You hit the ball python.
You kill the ball python!
No target in view!
Found 3 stones.
Found a stone staircase leading down.
There is a stone staircase leading down here.
A hobgoblin comes into view.
The hobgoblin shouts!
You completely miss the hobgoblin. The hobgoblin hits you.
You hit the hobgoblin.
The hobgoblin is almost dead.
The hobgoblin barely misses you.
You hit the hobgoblin.
You kill the hobgoblin!
No target in view!
HP restored.
You see here a hobgoblin corpse.
Found a cloak.
A giant cockroach comes into view.
Found 12 gold pieces.
The giant cockroach closely misses you.
You hit the giant cockroach.
You kill the giant cockroach!
Found a leather armour.
A bat comes into view.
Found a cloak.
The bat hits you but does no damage.
You barely miss the bat. The bat closely misses you.
You punch the bat!
You kill the bat!
A dart slug comes into view.
You see here a +0 cloak.
j - a +0 cloak The dart slug launches a dart at you.
The slug dart hits you.
You hit the dart slug.
The dart slug is heavily wounded.
You hit the dart slug.
The dart slug is severely wounded.
The dart slug launches a dart at you. The slug dart hits you.
You hit the dart slug.
You kill the dart slug!
You now have 89 gold pieces (gained 12).
You see here a dart slug corpse.
You see here a +0 cloak.
You start putting on your armour.
You continue putting on your +0 cloak. x4
You finish putting on your +0 cloak.
k - a scroll labelled JIRGHI QYUVUL
Found a dagger.
Found a ring mail.
You see here a +0 dagger.
You see here a +0 ring mail.
Found 4 stones.
Search for what [Enter for "d:", or ? for help]? ring You see here a +0 ring mail.
l - a +0 ring mail You start removing your armour.
You continue taking off your +0 leather armour. x4
You finish taking off your +0 leather armour.
You start putting on your armour.
You continue putting on your +0 ring mail. x5
You finish putting on your +0 ring mail.
Unknown command.
You drop a +0 leather armour.
An adder comes into view.
Found a stone staircase leading down.
The adder hisses angrily.
You hit the adder.
The adder is moderately wounded.
The adder bites you but does no damage.
You hit the adder but do no damage.
The adder is moderately wounded.
The adder misses you. The adder barely misses you.
You closely miss the adder.
The adder is moderately wounded.
The adder bites you but does no damage.
You barely miss the adder.
The adder is moderately wounded.
The adder bites you but does no damage.
You hit the adder.
The adder is heavily wounded.
The adder closely misses you.
You hit the adder but do no damage.
The adder is heavily wounded.
The adder bites you but does no damage. x2
You hit the adder.
The adder is severely wounded.
The adder barely misses you.
You hit the adder.
The adder is almost dead.
The adder bites you but does no damage.
You punch the adder!
You kill the adder!
You see here 4 stones.
You open the door.
There is an open door here.
There is an open door here.
You see here an adder corpse.
A goblin comes into view. It is wielding a +0 club.
The goblin shouts!
You punch the goblin!
You kill the goblin!
No target in view!
You see here 3 stones.
You open the door.
There is an open door here.
You now have 101 gold pieces (gained 12).
You now have 113 gold pieces (gained 12).
You now have 123 gold pieces (gained 10).
e - a scroll labelled ZOCEM WULIM
e - 2 scrolls labelled ZOCEM WULIM (gained 1)
An adder comes into view.
The adder hisses angrily.
An adder is nearby!
You hit the adder but do no damage. The adder bites you.
You hit the adder but do no damage. The adder misses you.
The adder closely misses you.
You hit the adder.
The adder is lightly wounded.
The adder closely misses you.
You hit the adder but do no damage.
The adder is lightly wounded.
The adder barely misses you.
You closely miss the adder.
The adder is lightly wounded.
The adder barely misses you.
You punch the adder!
You kill the adder!
You have reached level 4!
You see here an adder corpse.
You open the door.
There is an open door here.
You open the door.
There is an open door here.
You see here a hobgoblin skeleton.
Found a leather armour.
Found a stone staircase leading up.
You now have 134 gold pieces (gained 11).
Done exploring.
Done exploring.
Char dumped successfully.
You have 134 gold pieces.
Search for what [Enter for "ring", or ? for help]? shop
There is an open door here.
You see here a +0 sling.
There is a stone staircase leading up here.
You climb upwards.
There is a stone staircase leading down here.
There is an entrance to Feojo's Distillery here.
m - a potion of curing;
n - a potion of heal wounds Thank you for shopping at Feojo's Distillery!
You are illuminated by a small divine halo.
You are glowing.
Your movement speed is average.
Your attack delay is about 0.9.
Your damage rating with unarmed combat is about 8 (Base [3 + 4 (UC)] x 112% (Str) x 107% (Fight)).
Char dumped successfully.
Annotate which branch? (. - D:1, ? - help, ! - show branch list)
Okay, then.
You have 54 gold pieces.
Unknown command.
What level of the Dungeon? (default 1, ? - help)
There is a stone staircase leading down here.
You climb downwards.
There is a stone staircase leading up here.
You see here a +0 sling.
There is an open door here.
There is a stone staircase leading down here.
You climb downwards.
You hear the sound of rushing water.
There is an entrance to a sewer on this level.
Hurry and find it before the portal rusts away!
There is a stone staircase leading up here.
A bat comes into view.
You hit the bat.
The bat is moderately wounded.
The bat hits you but does no damage.
You hit the bat but do no damage.
The bat is moderately wounded.
The bat closely misses you. The bat misses you.
You hit the bat.
You kill the bat!
A kobold comes into view. It is wielding a +0 dagger.
Found a scroll labelled NUASYU KOYKA.
The kobold shouts!
You hit the kobold.
The kobold is heavily wounded.
The kobold hits you but does no damage.
You barely miss the kobold.
The kobold is heavily wounded.
The kobold hits you with a +0 dagger.
You hit the kobold.
You kill the kobold!
Things that are here:
a +0 dagger; a kobold corpse
o - a scroll labelled NUASYU KOYKA Grinder comes into view.
Grinder shouts!
An adder comes into view.
Found a scroll labelled JIRGHI QYUVUL.
The adder hisses angrily.
Grinder blinks!
A rat comes into view.
A rat comes into view.
You hit the adder.
The adder is moderately wounded.
The adder bites you but does no damage. x2
You hit the adder but do no damage.
The adder is moderately wounded.
The adder barely misses you.
Grinder blinks!
Unknown command.
You punch the adder!
You kill the adder!
You hit Grinder.
Grinder is lightly wounded.
The rat barely misses you. Grinder gestures at you.
You resist with significant effort.
You barely miss Grinder.
Grinder is lightly wounded.
The rat bites you but does no damage.
You hit Grinder.
Grinder is lightly wounded.
You hear the slow rusting of a drain very nearby.
Grinder hits you! The rat completely misses you.
You hit Grinder but do no damage.
Grinder is lightly wounded.
Grinder closely misses you. The rat barely misses you.
Unknown command.
You barely miss Grinder.
Grinder is lightly wounded.
Grinder gestures at you. Pain shoots through your body!
Unknown command.
You hit Grinder but do no damage.
Grinder is lightly wounded.
The rat bites you. Grinder gestures at you. Pain shoots through your body!
You punch Grinder!
Grinder is moderately wounded.
The rat closely misses you. Grinder hits you.
You writhe in agony.
Unknown command.
You barely miss Grinder.
Grinder is moderately wounded.
The rat closely misses you. Grinder hits you.
You writhe in agony.
You hit Grinder but do no damage.
Grinder is moderately wounded.
The rat bites you but does no damage. Grinder gestures at you.
You suddenly lose the ability to move!
The rat twitches its whiskers.
The rat barely misses you. Grinder hits you!
* * * LOW HITPOINT WARNING * * *
You writhe in agony.
* * * LOW HITPOINT WARNING * * *
The rat bites you.
* * * LOW HITPOINT WARNING * * *
Grinder hits you.
* * * LOW HITPOINT WARNING * * *
The rat bites you but does no damage. Grinder hits you but does no damage.
The rat bites you but does no damage. Grinder hits you but does no damage.
The rat bites you.
You die...

Skill      XL: |  1  2 |
---------------+-------+-----
Fighting       | 4 |  4.5
Unarmed Combat | 4 |  4.8
Dodging        | |  2.4

Action                     |  1- 3 |  4- 6 || total
---------------------------+-------+-------++-------
  Melee: Unarmed           |    93 |    18 ||   111
 Armour: Robe              |     6 |       ||     6
         Leather armour    |    22 |       ||    22
         Ring mail         |     7 |    19 ||    26
  Dodge: Dodged            |    47 |    10 ||    57

Levels and vault maps discovered:
D:1:      orjb1_lava_funnel, layout_basic, serial_forest,
          infiniplex_forest_clump_small, infiniplex_forest_zigzag_1,
          infiniplex_forest_straight_4, infiniplex_forest_end_2,
          infiniplex_forest_zigzag_1, infiniplex_forest_straight_3,
          infiniplex_forest_lined_room_2, infiniplex_forest_lined_1,
          serial_shops, shop, shop, nicolae_shop_advertising_works
          [nicolae_subvault_shop_adworks], minmay_misc_feat_roman
D:2:      layout_basic
D:3:      layout_basic, led_xom_imps,
          dreamdust_ecumenical_altar_angels_and_demons,
          lightli_sewer_entry_pipes, uniq_ijyb, uniq_jessica, uniq_grinder

Notes
Turn   | Place    | Note
-------+----------+-------------------------------------------
     0 | D:1      | scionoferis the Hill Orc Monk began the quest for the Orb.
     0 | D:1      | Reached XP level 1. HP: 19/19 MP: 1/1
    73 | D:1      | Reached XP level 2. HP: 23/27 MP: 2/2
   232 | D:1      | Reached skill level 4 in Fighting
   256 | D:1      | Reached skill level 4 in Unarmed Combat
   379 | D:1      | Reached XP level 3. HP: 31/33 MP: 3/3
   442 | D:1      | Found Feojo's Distillery.
   593 | D:1      | Found Naur's Armour Boutique.
   644 | D:1      | Found Tiboec's General Store.
  1196 | D:2      | Reached XP level 4. HP: 40/41 MP: 4/4
  1377 | D:1      | Bought a potion of curing for 30 gold pieces
  1377 | D:1      | Bought a potion of heal wounds for 50 gold pieces
  1439 | D:3      | Noticed Grinder
  1460 | D:3      | Paralysed by Grinder for 5 turns
  1461 | D:3      | HP: 4/41 [Grinder (3)]
  1462 | D:3      | HP: 1/41 [Grinder (3)]
  1465 | D:3      | Slain by a rat

Vanquished Creatures
  3 adders (D:2 D:3)
  2 dart slugs (D:1 D:2)
  4 ball pythons (D:1 D:2)
  3 endoplasms (D:1)
  2 giant cockroaches (D:1 D:2)
  2 goblins (D:1 D:2)
  4 hobgoblins (D:1 D:2)
  7 kobolds (D:1 D:3)
  8 bats (D:1 D:2 D:3)
  2 frilled lizards (D:1)
  4 rats (D:1 D:2)
41 creatures vanquished.

Table legend: (Time is in decaauts)
 A = Elapsed time spent in this place.
 B = Non-inter-level travel time spent in this place.
 C = Inter-level travel time spent in this place.
 D = Time resting spent in this place.
 E = Time spent auto-exploring this place.
 F = Levels seen in this place.
 G = Mean time per level.
                   A        B        C        D        E       F      G
               +--------+--------+--------+--------+--------+-----+--------+
         Total |   1455 |   1342 |    113 |     27 |    976 |   3 |  485.0 |
       Dungeon |   1455 |   1342 |    113 |     27 |    976 |   3 |  485.0 |
               +--------+--------+--------+--------+--------+-----+--------+

Top non-repeatable levels by time:
     D:1: 825 daAuts
     D:2: 569 daAuts
     D:3: 60 daAuts

Table legend:
 A = Non-vault XP
 B = Vault XP
 C = Vault XP percentage of total XP
 D = Non-vault monster count
 E = Vault monster count
 F = Vault count percentage of total count
                 A         B        C        D         E       F
            +---------+---------+-------+---------+---------+-------
      Total |      91 |      13 |  12.5 |      40 |       1 |   2.4
            +---------+---------+-------+---------+---------+-------
        D:1 |      48 |       0 |   0.0 |      28 |       0 |   0.0
        D:2 |      40 |       0 |   0.0 |      10 |       0 |   0.0
        D:3 |       3 |      13 |  81.2 |       2 |       1 |  33.3
            +---------+---------+-------+---------+---------+-------
